 Dungeon Crawl Stone Soup version 0.26-a0-451-gacbe401039 (webtiles) character file.

Game seed: 2509041051664232281

156 MrRokkomies the Skirmisher (level 5, -2/66 HPs)
             Began as a Palentonga Delver on July 28, 2020.
             Was a Plaything of Xom.
             Slain by an adder (3 damage)
             ... on level 2 of the Dungeon.
             The game lasted 00:03:09 (688 turns).

MrRokkomies the Skirmisher (Palentonga Delver)       Turns: 688, Time: 00:03:10

Health: -2/66      AC:  7    Str: 15    XL:     5   Next: 15%
Magic:  5/5        EV: 10    Int: 12    God:    Xom [....*.]
Gold:   66         SH:  0    Dex: 11    Spells: 4/4 levels left

rFire    . . .     SeeInvis +   a - +0 mace
rCold    . . .     Faith    .   (no shield)
rNeg     . . .     Spirit   .   o - +3 leather armour
rPois    .         Reflect  .   (no helmet)
rElec    .         Harm     .   (no cloak)
rCorr    .                      (no gloves)
MR       .....                  (boots restricted)
Stlth    ..........             n - amulet of magic regeneration
HPRegen  0.21/turn              (no ring)
MPRegen  0.34/turn              (no ring)

@: berserking, lethally poisoned (-2 -> -8), stab, very quick
A: large, rugged brown scales 3, see invisible, deformed body, roll, armoured
tail
a: Rolling Charge, Renounce Religion


You were on level 2 of the Dungeon.
You worshipped Xom.
You were a beloved toy of Xom.
You visited 1 branch of the dungeon, and saw 4 of its levels.

You collected 66 gold pieces.

Inventory:

Hand Weapons
 a - a +0 mace (weapon)
Missiles
 m - 10 poisoned darts (quivered)
Armour
 b - a +0 leather armour
 o - a +3 leather armour (worn)
Jewellery
 n - an amulet of magic regeneration (around neck)
Wands
 g - a wand of digging (3)
Scrolls
 c - a scroll of fog
 d - a scroll of magic mapping
 e - a scroll of fear
 j - a scroll of teleportation {unknown}
 k - a scroll of noise {unknown}
 l - a scroll of remove curse {unknown}
Potions
 f - a potion of haste


   Skills:
 * Level 4.1 Fighting
 * Level 3.5 Maces & Flails
 + Level 2.2 Dodging
 - Level 3.3 Stealth
 + Level 1.5 Evocations


You had 4 spell levels left.
You didn't know any spells.
Your spell library was empty.

Dungeon Overview and Level Annotations

Branches:
Dungeon (5/15)
 Temple: D:4-7

Altars:
Xom

Annotations:
D:4 Natasha


Innate Abilities, Weirdness & Mutations

You are completely covered in rugged brown scales. (AC +3, +7% HP)
You have supernaturally acute eyesight. (SInv)
Armour fits poorly on your strangely shaped body.
You can roll at foes to attack.
You have a long armoured tail.


Message History

The hobgoblin hits you but does no damage.
The adder bites you.
* * * LOW HITPOINT WARNING * * *
It was a potion of berserk rage.
A red film seems to cover your vision as you go berserk!
You feel yourself moving faster!
You feel mighty!
* * * LOW HITPOINT WARNING * * *
You feel sick. The hobgoblin hits you.
* * * LOW HITPOINT WARNING * * *
The adder bites you.
* * * LOW HITPOINT WARNING * * *
You closely miss the adder.
The adder is heavily wounded.
The adder barely misses you. The hobgoblin completely misses you.
You closely miss the adder.
The adder is heavily wounded.
* * * LOW HITPOINT WARNING * * *
You feel sick. The adder bites you.
You die... "I guess I need a new plaything now."

.. .# #
#######.## ..
#........
...##......##
...'......)#
#####.g))...##
#####
......S@....(+
+....
###########.##
##### #.##
#..# #..#
#..##
..#######...#
..........#.##
###.....#..#


You could see an adder and a hobgoblin.

Vanquished Creatures
  An ogre (D:4)
  A worker ant (D:4)
  2 adders
  A white imp (D:5)
  An ooze (D:2)
  A dart slug (D:2)
  A bat (D:2)
  5 hobgoblins
  2 kobolds (D:2)
  A frilled lizard (D:2)
16 creatures vanquished.

Notes
Turn   | Place    | Note
-------+----------+-------------------------------------------
     0 | D:5      | MrRokkomies the Palentonga Delver began the quest for the
                  | Orb.
     0 | D:5      | Reached XP level 1. HP: 19/19 MP: 1/1
    63 | D:4      | Noticed a worker ant
    65 | D:4      | Killed a worker ant
    65 | D:4      | Reached XP level 2. HP: 25/25 MP: 2/2
    65 | D:4      | Reached XP level 3. HP: 31/31 MP: 3/3
   119 | D:4      | Noticed an ogre
   122 | D:4      | Noticed Natasha
   135 | D:4      | Killed an ogre
   135 | D:4      | Reached skill level 4 in Fighting
   135 | D:4      | Reached skill level 1 in Evocations
   135 | D:4      | Reached XP level 4. HP: 14/39 MP: 4/4
   483 | D:2      | Reached XP level 5. HP: 44/44 MP: 5/5
   609 | D:2      | Found a faded altar of an unknown god.
   617 | D:2      | Became a worshipper of Xom of Chaos
   636 | D:2      | XOM: divination: magic mapping
   686 | D:2      | HP: 2/66 [adder (4)]
   688 | D:2      | Slain by an adder

Illustrated notes

Levels and vault maps discovered:
D:2:      layout_basic, chequers_ecumenical_altar_simple
D:3:      layout_rooms, lemuel_crystal_altar, serial_curves, eino_curves_02,
          eino_curves_04
D:4:      layout_loops_corners, serial_glass, glass_columns_c, glass_columns_a,
          nicolae_ru_sacrificial_ziggurat, uniq_natasha
D:5:      layout_rooms, kennysheep_little_box, nicolae_dithmenos_the_darkroom,
          nicolae_overflow_hidden_temple, minmay_temple_entry_hall

Skill      XL: |  1  2  3 |
---------------+----------+-----
Fighting       | 4 |  4.1
Maces & Flails | 3 |  3.5
Dodging        | 2 |  2.2
Evocations     | 1 |  1.5
Stealth        | |  3.3

Action                   |  1- 3 |  4- 6 || total
-------------------------+-------+-------++-------
Melee: Mace              |     1 |    52 ||    53
       Tailslap          |       |     3 ||     3
Evoke: Wand              |     6 |     2 ||     8
  Use: Potion            |       |     2 ||     2
Armor: Leather armour    |       |    33 ||    33
Dodge: Dodged            |     1 |    39 ||    40

Table legend: (Time is in decaauts)
 A = Elapsed time spent in this place.
 B = Non-inter-level travel time spent in this place.
 C = Inter-level travel time spent in this place.
 D = Time resting spent in this place.
 E = Time spent auto-exploring this place.
 F = Levels seen in this place.
 G = Mean time per level.
                   A        B        C        D        E       F      G
               +--------+--------+--------+--------+--------+-----+--------+
         Total |    698 |    669 |     29 |    196 |    309 |   4 |  174.5 |
       Dungeon |    698 |    669 |     29 |    196 |    309 |   4 |  174.5 |
               +--------+--------+--------+--------+--------+-----+--------+

Top non-repeatable levels by time:
     D:4: 310 daAuts
     D:2: 261 daAuts
     D:3: 90 daAuts
     D:5: 36 daAuts
